APP
KINGSPORT METS @ PHILADELPHIA (APP) PHILLIES
07/05/2046
 
TOP OF THE 1ST
Kingsport Mets batting - Pitching for Philadelphia (APP) Phillies : RHP Victor Hurtado
Pitching: RHP Victor Hurtado
Batting: SHB Tyler Maddux 0-0: Called Strike
0-1: Ball
1-1: Ball
2-1: Swinging Strike
2-2: Ball
3-2: Strikes out looking
Batting: RHB Andy Carrell 0-0: Swinging Strike
0-1: Ground out 6-3 (Groundball, 6, EV 103.1 MPH)
Batting: LHB Dan Bremseth 0-0: Ball
1-0: Foul Ball, location: 2F
1-1: Swinging Strike
1-2: Foul Ball, location: 2F
1-2: Ball
2-2: Ball
3-2: Fly out, F2 (Popup, 25F, EV 84.4 MPH)
Top of the 1st over - 0 runs, 0 hits, 0 errors, 0 left on base; Kingsport 0 - Philadelphia (APP) 0
BOTTOM OF THE 1ST
Philadelphia (APP) Phillies batting - Pitching for Kingsport Mets : RHP Raymundo Pato
Pitching: RHP Raymundo Pato
Batting: RHB Tony Perez 0-0: Called Strike
0-1: Ball
1-1: Ball
2-1: Called Strike
2-2: Ball
3-2: Base on Balls
Batting: RHB Trent Hedrick 0-0: Ball
1-0: Swinging Strike
1-1: Ball
2-1: Called Strike
2-2: Strikes out swinging
Batting: LHB Joel Moore 0-0: Called Strike
0-1: Ball
1-1: Ball
2-1: Foul Ball, location: 2F
2-2: Foul Ball, location: 2F
2-2: SINGLE (Groundball, 23, EV 70.6 MPH) (infield hit)
Tony Perez to second
Batting: RHB Allen Gravel 0-0: Swinging Strike
0-1: Ball
Passed Ball!
Tony Perez to third
Joel Moore to second
1-1: Fly out, F7 (Line Drive, 7S, EV 93.8 MPH)
Runner from 3rd tags up, SCORES, throw by LF
Batting: RHB Danny Habermehl 0-0: Called Strike
0-1: Ball
Wild Pitch!
Joel Moore to third
1-1: Fly out, F8 (Flyball, 8RXD, EV 101.9 MPH)
Bottom of the 1st over - 1 run, 1 hit, 0 errors, 1 left on base; Kingsport 0 - Philadelphia (APP) 1
TOP OF THE 2ND
Kingsport Mets batting - Pitching for Philadelphia (APP) Phillies : RHP Victor Hurtado
Batting: LHB Miguel Ramos 0-0: Called Strike
0-1: Foul Ball, location: 2F
0-2: Foul Ball, location: 2F
0-2: Ball
1-2: Ball
2-2: Strikes out looking
Batting: SHB Nick Daigle 0-0: Swinging Strike
0-1: Foul Ball, location: 2F
0-2: Strikes out swinging
Batting: LHB Matt Baker 0-0: Foul Ball, location: 2F
0-1: Ball
1-1: Foul Ball, location: 2F
1-2: Ball
2-2: Strikes out swinging
Top of the 2nd over - 0 runs, 0 hits, 0 errors, 0 left on base; Kingsport 0 - Philadelphia (APP) 1
BOTTOM OF THE 2ND
Philadelphia (APP) Phillies batting - Pitching for Kingsport Mets : RHP Raymundo Pato
Batting: RHB Mike Bell 0-0: DOUBLE (Line Drive, 78M, EV 96.2 MPH)
Pinch Runner at 2nd Gary Sampson:
Batting: RHB Zach Slot 0-0: Ball
1-0: Ball
Wild Pitch!
Gary Sampson to third
2-0: Ball
Wild Pitch!
Gary Sampson scores
3-0: Base on Balls
Batting: LHB Jesse Haught 0-0: Ball
1-0: Ball
2-0: Ball
3-0: Base on Balls
Zach Slot to second
Batting: RHB Guan-pei Gao 0-0: Called Strike
0-1: SINGLE (Flyball, 89S, EV 89.4 MPH)
Zach Slot to third
Jesse Haught to second
Batting: RHB Tony Perez 0-0: Ball
Passed Ball!
Zach Slot scores
Jesse Haught to third
Guan-pei Gao to second
1-0: Called Strike
1-1: Called Strike
1-2: Fly out, F7 (Line Drive, 7, EV 96.2 MPH)
Batting: RHB Trent Hedrick 0-0: Called Strike
0-1: Ball
Wild Pitch!
Jesse Haught scores
Guan-pei Gao to third
1-1: Ball
Passed Ball!
Guan-pei Gao scores
2-1: DOUBLE (Line Drive, 89D, EV 106.2 MPH)
Batting: LHB Joel Moore 0-0: SINGLE (Groundball, 4MD, EV 106.2 MPH)
Trent Hedrick to third
Runner from 3rd tries for Home, SAFE, throw by CF to home
Batting: RHB Allen Gravel 0-0: Ball
1-0: Fielders Choice at 2nd, 5-4 (Groundball, 56S, EV 92.5 MPH)
Batting: RHB Danny Habermehl 0-0: Called Strike
0-1: Ball
Wild Pitch!
Allen Gravel to second
1-1: Ball
2-1: Ground out 5-3 (Groundball, 56, EV 106.9 MPH)
Bottom of the 2nd over - 5 runs, 4 hits, 0 errors, 1 left on base; Kingsport 0 - Philadelphia (APP) 6
TOP OF THE 3RD
Kingsport Mets batting - Pitching for Philadelphia (APP) Phillies : RHP Victor Hurtado
Now at SS: Gary Sampson
Batting: RHB Chris Graham 0-0: Ball
1-0: Called Strike
1-1: Ball
2-1: Ground out 1-3 (Groundball, 25, EV 68.1 MPH)
Batting: RHB Roberto Delgado 0-0: Ball
1-0: Ball
2-0: Foul Ball, location: 2F
2-1: Swinging Strike
2-2: Strikes out swinging
Batting: LHB Jeremy Moorehead 0-0: Called Strike
0-1: Ball
1-1: Called Strike
1-2: Ball
2-2: Foul Ball, location: 2F
2-2: Foul Ball, location: 2F
2-2: Strikes out swinging
Top of the 3rd over - 0 runs, 0 hits, 0 errors, 0 left on base; Kingsport 0 - Philadelphia (APP) 6
BOTTOM OF THE 3RD
Philadelphia (APP) Phillies batting - Pitching for Kingsport Mets : RHP Raymundo Pato
Batting: RHB Gary Sampson 0-0: Ball
1-0: Ball
2-0: Called Strike
2-1: Ground out 4-3 (Groundball, 4S, EV 67.5 MPH)
Batting: RHB Zach Slot 0-0: Ball
1-0: Ball
2-0: Called Strike
2-1: Called Strike
2-2: Foul Ball, location: 2F
2-2: Strikes out swinging
Batting: LHB Jesse Haught 0-0: Ball
1-0: Ground out 6-3 (Groundball, 6, EV 81.9 MPH)
Bottom of the 3rd over - 0 runs, 0 hits, 0 errors, 0 left on base; Kingsport 0 - Philadelphia (APP) 6
TOP OF THE 4TH
Kingsport Mets batting - Pitching for Philadelphia (APP) Phillies : RHP Victor Hurtado
Batting: SHB Tyler Maddux 0-0: Called Strike
0-1: Swinging Strike
0-2: SINGLE (Groundball, 4M, EV 98.1 MPH) (infield hit)
Batting: RHB Andy Carrell 0-0: Ball
1-0: Called Strike
1-1: Foul Ball, location: 2F
1-2: Foul Ball, location: 2F
1-2: Foul Ball, location: 2F
1-2: Foul Ball, location: 2F
1-2: Ball
2-2: Ball
3-2: Foul Ball, location: 2F
3-2: Fly out, F9 (Flyball, 9, EV 88.1 MPH)
Batting: LHB Dan Bremseth 0-0: Ball
1-0: Called Strike
1-1: Ball
2-1: Ground out 3-1 (Groundball, 34S, EV 70.6 MPH)
Tyler Maddux to second
Batting: LHB Miguel Ramos 0-0: Ground out 4-3 (Groundball, 4, EV 86.9 MPH)
Top of the 4th over - 0 runs, 1 hit, 0 errors, 1 left on base; Kingsport 0 - Philadelphia (APP) 6
BOTTOM OF THE 4TH
Philadelphia (APP) Phillies batting - Pitching for Kingsport Mets : RHP Raymundo Pato
Batting: RHB Guan-pei Gao 0-0: Ball
1-0: Ground out U3 (Groundball, 34S, EV 71.9 MPH)
Batting: RHB Tony Perez 0-0: Called Strike
0-1: Ball
1-1: Foul Ball, location: 2F
1-2: Foul Ball, location: 2F
1-2: Strikes out looking
Batting: RHB Trent Hedrick 0-0: Ball
1-0: Foul Ball, location: 2F
1-1: DOUBLE (Line Drive, 9LS, EV 105.0 MPH)
Batting: LHB Emilio Ortez 0-0: Foul Ball, location: 2F
0-1: Swinging Strike
0-2: Strikes out swinging
Bottom of the 4th over - 0 runs, 1 hit, 0 errors, 1 left on base; Kingsport 0 - Philadelphia (APP) 6
TOP OF THE 5TH
Kingsport Mets batting - Pitching for Philadelphia (APP) Phillies : RHP Victor Hurtado
Batting: SHB Nick Daigle 0-0: Called Strike
0-1: Ground out 6-3 (Groundball, 6S, EV 60.0 MPH)
Batting: LHB Matt Baker 0-0: Called Strike
0-1: Swinging Strike
0-2: SINGLE (Groundball, 5D, EV 107.5 MPH)
Batting: RHB Chris Graham 0-0: Ball
1-0: Foul Ball, location: 2F
1-1: Ball
2-1: Foul Ball, location: 2F
2-2: Strikes out looking
Batting: RHB Roberto Delgado 0-0: Called Strike
0-1: Single, Error in OF, E8, batter to second base (Groundball, 4MD, EV 94.4 MPH)
Matt Baker to third
Pitching: RHP Jeremy Trotter
Batting: LHB Jeremy Moorehead 0-0: Ball
1-0: Swinging Strike
1-1: Called Strike
1-2: Fly out, F8 (Flyball, 8RM, EV 96.9 MPH)
Top of the 5th over - 0 runs, 2 hits, 1 error, 2 left on base; Kingsport 0 - Philadelphia (APP) 6
BOTTOM OF THE 5TH
Philadelphia (APP) Phillies batting - Pitching for Kingsport Mets : RHP Raymundo Pato
Batting: RHB Allen Gravel 0-0: Foul Ball, location: 2F
0-1: Called Strike
0-2: Strikes out looking
Batting: RHB Danny Habermehl 0-0: Ball
1-0: Ball
2-0: Ground out 6-3 (Groundball, 56D, EV 88.1 MPH)
Batting: RHB Gary Sampson 0-0: Foul Ball, location: 2F
0-1: Foul Ball, location: 2F
0-2: SOLO HOME RUN (Flyball, 7LD, EV 89.4 MPH), Distance : 337 ft
Pitching: LHP Matt Allert
Batting: RHB Zach Slot 0-0: Swinging Strike
0-1: Ground out 6-3 (Groundball, 6, EV 93.8 MPH)
Bottom of the 5th over - 1 run, 1 hit, 0 errors, 0 left on base; Kingsport 0 - Philadelphia (APP) 7
TOP OF THE 6TH
Kingsport Mets batting - Pitching for Philadelphia (APP) Phillies : RHP Jeremy Trotter
Batting: SHB Tyler Maddux 0-0: Ball
1-0: Ground out 6-3 (Groundball, 6, EV 100.0 MPH)
Batting: RHB Andy Carrell 0-0: SINGLE (Groundball, 56D, EV 105.6 MPH)
Batting: LHB Dan Bremseth 0-0: Ball
1-0: Foul Ball, location: 2F
1-1: Foul Ball, location: 2F
1-2: Ball
2-2: Ball
3-2: 2-RUN HOME RUN (Flyball, 78XD, EV 98.8 MPH), Distance : 389 ft
Batting: LHB Miguel Ramos 0-0: Ball
1-0: Called Strike
1-1: Ball
2-1: Called Strike
2-2: Ball
3-2: Foul Ball, location: 2F
3-2: Base on Balls
Batting: SHB Nick Daigle 0-0: Swinging Strike
0-1: Foul Ball, location: 2F
0-2: Ball
1-2: Ball
Wild Pitch!
Miguel Ramos to second
2-2: SINGLE (Groundball, 56D, EV 95.6 MPH)
Miguel Ramos to third
Runner from 3rd tries for Home, SAFE, throw by LF to home
Nick Daigle to second
Pitching: LHP Tim Lawson
Batting: LHB Matt Baker 0-0: Ball
1-0: Ball
2-0: Fly out, F9 (Line Drive, 9, EV 91.9 MPH)
Batting: RHB Chris Graham 0-0: Ball
1-0: Called Strike
1-1: Foul Ball, location: 2F
1-2: Strikes out swinging
Top of the 6th over - 3 runs, 3 hits, 0 errors, 1 left on base; Kingsport 3 - Philadelphia (APP) 7
BOTTOM OF THE 6TH
Philadelphia (APP) Phillies batting - Pitching for Kingsport Mets : LHP Matt Allert
Batting: LHB Jesse Haught 0-0: Ball
1-0: Foul Ball, location: 2F
1-1: Ground out 4-3 (Groundball, 4, EV 81.2 MPH)
Batting: RHB Guan-pei Gao 0-0: Called Strike
0-1: Fly out, F9 (Flyball, 9, EV 90.0 MPH)
Batting: RHB Tony Perez 0-0: Called Strike
0-1: SINGLE (Line Drive, 89S, EV 89.4 MPH)
Batting: RHB Trent Hedrick 0-0: Called Strike
Tony Perez steals 2nd base
0-1: Fly out, F8 (Flyball, 89S, EV 85.0 MPH)
Bottom of the 6th over - 0 runs, 1 hit, 0 errors, 1 left on base; Kingsport 3 - Philadelphia (APP) 7
TOP OF THE 7TH
Kingsport Mets batting - Pitching for Philadelphia (APP) Phillies : LHP Tim Lawson
Batting: RHB Roberto Delgado 0-0: Foul Ball, location: 2F
0-1: Ground out 4-3 (Groundball, 34, EV 103.1 MPH)
Batting: LHB Jeremy Moorehead 0-0: Called Strike
0-1: Fly out, F8 (Flyball, 8RD, EV 95.0 MPH)
Batting: SHB Tyler Maddux 0-0: SOLO HOME RUN (Line Drive, 78XD, EV 105.6 MPH), Distance : 409 ft
Batting: RHB Andy Carrell 0-0: Ball
1-0: Fly out, F9 (Flyball, 9LSF, EV 91.2 MPH)
Top of the 7th over - 1 run, 1 hit, 0 errors, 0 left on base; Kingsport 4 - Philadelphia (APP) 7
BOTTOM OF THE 7TH
Philadelphia (APP) Phillies batting - Pitching for Kingsport Mets : LHP Matt Allert
Batting: LHB Emilio Ortez 0-0: DOUBLE (Line Drive, 5D, EV 98.1 MPH)
Batting: RHB Allen Gravel 0-0: Ball
1-0: Foul Ball, location: 2F
1-1: Ball
Passed Ball!
Emilio Ortez to third
2-1: TRIPLE (Flyball, 89XD, EV 101.9 MPH)
Emilio Ortez scores
Batting: RHB Danny Habermehl 0-0: Ground out 6-3 (Groundball, 6M, EV 85.6 MPH)
Allen Gravel scores
Batting: RHB Gary Sampson 0-0: Foul Ball, location: 2F
0-1: Ball
1-1: Swinging Strike
1-2: Hit by Pitch
Batting: RHB Zach Slot 0-0: Ball
Passed Ball!
Gary Sampson to second
1-0: Called Strike
1-1: Foul Ball, location: 2F
1-2: Ball
Passed Ball!
Gary Sampson to third
2-2: Strikes out swinging
Batting: LHB Jesse Haught 0-0: Called Strike
0-1: Ball
Passed Ball!
Gary Sampson scores
1-1: Foul Ball, location: 2F
1-2: Ball
2-2: Ground out 2-3 (Groundball, 13S, EV 60.0 MPH)
Bottom of the 7th over - 3 runs, 2 hits, 0 errors, 0 left on base; Kingsport 4 - Philadelphia (APP) 10
TOP OF THE 8TH
Kingsport Mets batting - Pitching for Philadelphia (APP) Phillies : LHP Tim Lawson
Batting: LHB Dan Bremseth 0-0: Ball
1-0: Foul Ball, location: 2F
1-1: Called Strike
1-2: Ball
2-2: Strikes out swinging
Batting: LHB Miguel Ramos 0-0: Ball
1-0: Ball
2-0: Foul Ball, location: 2F
2-1: Foul Ball, location: 2F
2-2: Strikes out swinging
Batting: SHB Nick Daigle 0-0: Ball
1-0: Called Strike
1-1: Ball
2-1: SOLO HOME RUN (Flyball, 8RXD, EV 110.6 MPH), Distance : 436 ft
Batting: LHB Matt Baker 0-0: Ball
1-0: Ball
2-0: Swinging Strike
2-1: Foul Ball, location: 2F
2-2: Foul Ball, location: 2F
2-2: Ball
3-2: SOLO HOME RUN (Flyball, 89XD, EV 99.4 MPH), Distance : 385 ft
Pitching: RHP David Oviedo
Batting: RHB Chris Graham 0-0: Ball
1-0: Ball
2-0: Ball
3-0: Called Strike
3-1: Base on Balls
Batting: RHB Roberto Delgado 0-0: Foul Ball, location: 2F
0-1: Foul Ball, location: 2F
0-2: Strikes out swinging
Top of the 8th over - 2 runs, 2 hits, 0 errors, 1 left on base; Kingsport 6 - Philadelphia (APP) 10
BOTTOM OF THE 8TH
Philadelphia (APP) Phillies batting - Pitching for Kingsport Mets : LHP Matt Allert
Pitching: RHP Rob Fennell
Batting: RHB Guan-pei Gao 0-0: Swinging Strike
0-1: Ball
1-1: Ball
2-1: Swinging Strike
2-2: Ball
3-2: Ground out U3 (Groundball, 34S, EV 70.6 MPH)
Batting: RHB Tony Perez 0-0: Ball
1-0: Ground out 4-3 (Groundball, 4M, EV 87.5 MPH)
Batting: RHB Trent Hedrick 0-0: Ball
1-0: Ball
2-0: DOUBLE (Flyball, 8LXD, EV 105.0 MPH)
Batting: LHB Emilio Ortez 0-0: DOUBLE (Line Drive, 78D, EV 108.8 MPH)
Trent Hedrick scores
Batting: RHB Allen Gravel 0-0: Ball
1-0: Ball
2-0: Ball
3-0: Base on Balls
Batting: RHB Danny Habermehl 0-0: Ball
1-0: Ball
2-0: Ball
Passed Ball!
Emilio Ortez to third
Allen Gravel to second
3-0: Base on Balls
Pitching: RHP Antonio Reyes
Batting: RHB Gary Sampson 0-0: Ball
1-0: Ball
Wild Pitch!
Emilio Ortez scores
Allen Gravel to third
Danny Habermehl to second
2-0: Ball
3-0: Foul Ball, location: 2F
3-1: Foul Ball, location: 2F
3-2: Base on Balls
Batting: RHB Zach Slot 0-0: Fielders Choice at 2nd, 5-4 (Groundball, 56, EV 83.1 MPH)
Bottom of the 8th over - 2 runs, 2 hits, 0 errors, 3 left on base; Kingsport 6 - Philadelphia (APP) 12
TOP OF THE 9TH
Kingsport Mets batting - Pitching for Philadelphia (APP) Phillies : RHP David Oviedo
Batting: LHB Jeremy Moorehead 0-0: Ball
1-0: Ground out 5-3 (Groundball, 5, EV 86.9 MPH)
Batting: SHB Tyler Maddux 0-0: Called Strike
0-1: Foul Ball, location: 2F
0-2: Foul Ball, location: 2F
0-2: Foul Ball, location: 2F
0-2: Ball
1-2: Ground out 6-3 (Groundball, 6, EV 105.6 MPH)
Batting: RHB Andy Carrell 0-0: Foul Ball, location: 2F
0-1: Swinging Strike
0-2: Ball
1-2: Strikes out swinging
Top of the 9th over - 0 runs, 0 hits, 0 errors, 0 left on base; Kingsport 6 - Philadelphia (APP) 12
Tuesday, September 13th , 2022 - OOTP Baseball 23.7 Build 88